 Dungeon Crawl Stone Soup version 0.31-a0-180-g519b7de00c (webtiles) character file.

Game seed: 3159258026357575684

108 qw the Shooter (level 4, -1/42 HPs)
             Began as a Naga Hunter on June 20, 2023.
             Slain by a black bear (6 damage)
             ... on level 4 of the Dungeon.
             The game lasted 00:00:47 (2189 turns).

qw the Shooter (Naga Hunter)                        Turns: 2189, Time: 00:00:48

Health: -1/42      AC:  4    Str: 13    XL:     4   Next: 87%
Magic:  4/4        EV:  9    Int: 10    God:
Gold:   263        SH:  0    Dex: 16    Spells: 3/3 levels left

rFire   . . .        Y - +0 shortbow
rCold   . . .        (shield currently unavailable)
rNeg    . . .        c - +0 leather armour
rPois   +            i - +0 helmet
rElec   .            n - +0 cloak
rCorr   .            (no gloves)
SInv    +            (no barding)
Will    .....        b - amulet of regeneration
Stlth   ++           (no ring)
HPRegen 1.07/turn    (no ring)
MPRegen 0.09/turn

%: no passive effects
@: short of breath, very slow
A: AC +1, large, see invisible, deformed body, poison resistance, slowness 2,
spit poison 1, naga tail 1
a: Spit Poison


You were on level 4 of the Dungeon.
You visited 1 branch of the dungeon, and saw 4 of its levels.

You collected 263 gold pieces.


Innate Abilities, Weirdness & Mutations

Your serpentine skin is tough. (AC +1)
You have supernaturally acute eyesight. (SInv)
Armour fits poorly on your strangely shaped body.
Your system is resistant to poisons. (rPois)
You cover ground very slowly.
You can spit poison.
You have a snake-like lower body.


   Skills:
 - Level 3.1 Fighting
 + Level 5.0 Ranged Weapons
 - Level 1.5 Dodging
 - Level 1.5 Stealth


You had 3 spell levels left.
You didn't know any spells.
Your spell library was empty.

Inventory:

Hand Weapons
 Y - a +0 shortbow (weapon)
Armour
 c - a +0 leather armour (worn)
 i - a +0 helmet (worn)
 n - a +0 cloak (worn)
Jewellery
 a - a ring of ice
 b - an amulet of regeneration (around neck)
 d - a ring of fire
Scrolls
 f - a scroll of identify
Potions
 e - a potion of lignification {unknown}
 g - 2 potions of curing
 h - a potion of cancellation
 j - a potion of enlightenment {unknown}
 m - a potion of mutation

Dungeon Overview and Level Annotations

Branches:
Dungeon (4/15)
 Temple: D:4-7

Altars:


Message History

The black bear is heavily wounded.
You shoot an arrow. The arrow hits the black bear.
The black bear is heavily wounded.
You shoot an arrow. The arrow hits the black bear.
The black bear is heavily wounded.
The black bear bites you. The black bear barely misses you.
The black bear claws you but does no damage.
The black bear barely misses you. The black bear claws you.
The black bear claws you but does no damage.
You shoot an arrow. The arrow barely misses the black bear.
The black bear barely misses you.
The black bear claws you but does no damage.
The black bear claws you.
You shoot an arrow. The arrow hits the black bear!
The black bear is severely wounded.
You have got your breath back.
The black bear goes berserk!
2186 ||| INVOKING Spit Poison.
Aiming: Spit Poison (1% risk of failure)
Press: ? - help, Shift-Dir - straight line, f/p - black bear The splash of poison hits the black bear.
The black bear is almost dead.
The black bear bites you.
The black bear claws you but does no damage. x2
You shoot an arrow. The arrow hits the black bear.
The black bear is almost dead.
The black bear bites you. The black bear claws you. x2
The black bear barely misses you.
The black bear claws you but does no damage.
The black bear claws you.
You shoot an arrow.
The arrow hits the black bear but does no damage.
The black bear is almost dead.
The black bear bites you. The black bear claws you.
The black bear closely misses you. The black bear misses you.
The black bear claws you. x2
You shoot an arrow. The arrow barely misses the black bear.
The black bear bites you! The black bear closely misses you. x2
The black bear bites you.
You die...

#...# #...# #...##
#....##### #######
#........####
.......## #...........
#.?<..# ###.#####.>##
#.....######.######..#
#....@....#.....#.....
###.h####.............
#... #.............
#.#. #.............
#.## #............. .
#............. #
#.............
##....).......
##.....#.....


You could see a black bear (berserk).

Vanquished Creatures
  An iguana (D:3)
  A gnoll (D:1)
  An adder (D:2)
  3 worms
  A dart slug (D:2)
  3 endoplasms
  2 giant cockroaches (D:2)
  4 goblins
  6 hobgoblins
  4 jackals (D:1)
  4 quokkas
  4 ball pythons
  3 bats
  2 frilled lizards (D:1)
  8 kobolds
  6 rats
53 creatures vanquished.

Notes
Turn   | Place    | Note
-------+----------+-------------------------------------------
     0 | D:1      | qw the Naga Hunter began the quest for the Orb.
     0 | D:1      | Reached XP level 1. HP: 19/19 MP: 1/1
     0 | D:1      | 0 ||| qw: Version: 0.3-a-9-g12657ce
     0 | D:1      | 0 ||| qw: Game counter: 1130
     0 | D:1      | 0 ||| qw: Always use a shield: true
     0 | D:1      | 0 ||| qw: God list: Okawaru
     0 | D:1      | 0 ||| qw: Allow faded altars: false
     0 | D:1      | 0 ||| qw: Do Orc after D:15 true
     0 | D:1      | 0 ||| qw: Do second Lair branch before Depths: true
     0 | D:1      | 0 ||| qw: Lair rune preference: random
     0 | D:1      | 0 ||| qw: Plans: Normal
     0 | D:1      | 0 ||| PLANNING D:1-11
    16 | D:1      | 16 ||| INVOKING Spit Poison.
    59 | D:1      | 59 ||| INVOKING Spit Poison.
    64 | D:1      | 64 ||| INVOKING Spit Poison.
    67 | D:1      | 67 ||| INVOKING Spit Poison.
   137 | D:1      | 137 ||| INVOKING Spit Poison.
   163 | D:1      | 163 ||| INVOKING Spit Poison.
   169 | D:1      | 169 ||| INVOKING Spit Poison.
   183 | D:1      | 183 ||| INVOKING Spit Poison.
   188 | D:1      | 188 ||| INVOKING Spit Poison.
   190 | D:1      | Reached skill level 4 in Ranged Weapons
   190 | D:1      | Reached XP level 2. HP: 20/26 MP: 2/2
   222 | D:1      | 222 ||| INVOKING Spit Poison.
   326 | D:1      | 326 ||| INVOKING Spit Poison.
   332 | D:1      | 332 ||| INVOKING Spit Poison.
   337 | D:1      | 337 ||| INVOKING Spit Poison.
   415 | D:1      | 415 ||| INVOKING Spit Poison.
   432 | D:1      | 432 ||| Stepping ~*~*~tactically~*~*~ (outnumbered).
   434 | D:1      | 434 ||| Stepping ~*~*~tactically~*~*~ (outnumbered).
   435 | D:1      | 435 ||| INVOKING Spit Poison.
   441 | D:1      | Reached XP level 3. HP: 10/32 MP: 3/3
   564 | D:1      | 564 ||| INVOKING Spit Poison.
   642 | D:1      | 642 ||| INVOKING Spit Poison.
   668 | D:1      | 668 ||| INVOKING Spit Poison.
   751 | D:1      | 751 ||| INVOKING Spit Poison.
   779 | D:1      | 779 ||| UPGRADING to +0 helmet.
   784 | D:1      | 784 ||| READING scroll labelled LUNOANO SEDUM.
   785 | D:1      | 785 ||| READING 2 scrolls labelled VEOM UPPOUQERR.
   786 | D:1      | 786 ||| READING scroll labelled GEFROR WUUPIS.
   787 | D:1      | 787 ||| DROPPING scroll of butterflies.
   823 | D:2      | 823 ||| INVOKING Spit Poison.
   828 | D:2      | 828 ||| STAIRDANCE
   884 | D:2      | 884 ||| INVOKING Spit Poison.
   893 | D:2      | 893 ||| INVOKING Spit Poison.
   903 | D:2      | 903 ||| INVOKING Spit Poison.
   908 | D:2      | 908 ||| INVOKING Spit Poison.
   969 | D:2      | 969 ||| INVOKING Spit Poison.
   970 | D:2      | Reached skill level 5 in Ranged Weapons
   970 | D:2      | Reached XP level 4. HP: 39/39 MP: 4/4
  1059 | D:2      | 1059 ||| INVOKING Spit Poison.
  1102 | D:2      | 1102 ||| INVOKING Spit Poison.
  1106 | D:2      | 1106 ||| INVOKING Spit Poison.
  1111 | D:2      | 1111 ||| INVOKING Spit Poison.
  1156 | D:2      | 1156 ||| INVOKING Spit Poison.
  1163 | D:2      | 1163 ||| INVOKING Spit Poison.
  1203 | D:2      | 1203 ||| INVOKING Spit Poison.
  1247 | D:2      | 1247 ||| INVOKING Spit Poison.
  1336 | D:2      | 1336 ||| INVOKING Spit Poison.
  1360 | D:2      | 1360 ||| UPGRADING to +0 cloak.
  1365 | D:2      | 1365 ||| UPGRADING to amulet of regeneration.
  1370 | D:2      | 1370 ||| READING scroll labelled RYZEKY WUESAGH.
  1371 | D:2      | 1371 ||| READING scroll labelled COPPYS YQAWN.
  1372 | D:2      | 1372 ||| READING scroll labelled OMYNOUS CIOZOEKE.
  1373 | D:2      | 1373 ||| READING 3 scrolls of identify.
  1373 | D:2      | 1373 ||| IDENTIFYING inky potion
  1374 | D:2      | 1374 ||| READING 2 scrolls of identify.
  1374 | D:2      | 1374 ||| IDENTIFYING fuming white potion
  1649 | D:3      | 1649 ||| INVOKING Spit Poison.
  1839 | D:3      | 1839 ||| INVOKING Spit Poison.
  2084 | D:3      | 2084 ||| READING scroll labelled MOIXABOMOY.
  2085 | D:3      | 2085 ||| DRINKING 2 bubbling purple potions.
  2086 | D:3      | 2086 ||| READING 2 scrolls of identify.
  2086 | D:3      | 2086 ||| IDENTIFYING golden potion
  2087 | D:3      | 2087 ||| DROPPING potion of attraction.
  2103 | D:4      | 2103 ||| INVOKING Spit Poison.
  2106 | D:4      | 2106 ||| INVOKING Spit Poison.
  2107 | D:4      | 2107 ||| STAIRDANCE
  2112 | D:3      | Reached skill level 3 in Fighting
  2159 | D:4      | 2159 ||| INVOKING Spit Poison.
  2179 | D:4      | Noticed a black bear
  2180 | D:4      | 2180 ||| INVOKING Spit Poison.
  2186 | D:4      | 2186 ||| INVOKING Spit Poison.
  2189 | D:4      | HP: 5/42 [black bear (8)]
  2189 | D:4      | Slain by a black bear

Levels and vault maps discovered:
D:1:      sevenhm_arrival_forest_fort_large_4, layout_basic,
          dreamdust_wishing_well
D:2:      layout_rooms, kennysheep_generic_room_12
D:3:      layout_basic, guppyfry_early_lair_pool
D:4:      layout_rooms, lemuel_tele_altar, minmay_temple_entry_trees,
          corexii_item_surrounded_by_moat

Skill      XL: |  1  2  3  4 |
---------------+-------------+-----
Ranged Weapons | 4 5 |  5.0
Fighting       | 3 |  3.1
Dodging        | |  1.5
Stealth        | |  1.5

Action                     |  1- 3 |  4- 6 || total
---------------------------+-------+-------++-------
   Fire: Shortbow          |    58 |    40 ||    98
Ability: Spit Poison       |    25 |    16 ||    41
    Use: Scroll            |     3 |     7 ||    10
         Potion            |       |     1 ||     1
 Armour: Leather armour    |     9 |     8 ||    17
  Dodge: Dodged            |    21 |    11 ||    32

Table legend:
 A = Non-vault XP
 B = Vault XP
 C = Vault XP percentage of total XP
 D = Non-vault monster count
 E = Vault monster count
 F = Vault count percentage of total count
                 A         B        C        D         E       F
            +---------+---------+-------+---------+---------+-------
      Total |     155 |       0 |   0.0 |      53 |       0 |   0.0
            +---------+---------+-------+---------+---------+-------
        D:1 |      55 |       0 |   0.0 |      26 |       0 |   0.0
        D:2 |      54 |       0 |   0.0 |      21 |       0 |   0.0
        D:3 |      45 |       0 |   0.0 |       5 |       0 |   0.0
        D:4 |       1 |       0 |   0.0 |       1 |       0 |   0.0
            +---------+---------+-------+---------+---------+-------
